 Dungeon Crawl Stone Soup version 0.21.1-1-g345015f (webtiles) character file.

394 RudyRod the Shield-Bearer (level 7, -4/54 HPs)
             Began as a Formicid Fighter on May 6, 2018.
             Killed by divine providence
             ... invoked by an orc priest
              (11 damage)
             ... on level 3 of the Dungeon.
             The game lasted 00:09:30 (2801 turns).

RudyRod the Shield-Bearer (Formicid Fighter)        Turns: 2801, Time: 00:09:31

Health: -4/54      AC:  8    Str: 21    XL:     7   Next: 8%
Magic:  7/7        EV:  9    Int:  7    God:
Gold:   255        SH: 10    Dex: 12    Spells: 6/6 levels left

rFire    . . .     SeeInvis +   a - +0 long sword
rCold    . . .     Gourm    .   c - +0 shield
rNeg     . . .     Faith    .   b - +0 scale mail
rPois    .         Spirit   .   (helmet unavailable)
rElec    .         Reflect  .   (no cloak)
rCorr    .         Harm     .   (no gloves)
MR       .....                  j - +0 pair of boots
Stlth    ..........             (no amulet)
HPRegen  0.18/turn              (no ring)
MPRegen  0.10/turn              (no ring)

@: no status effects
A: permanent stasis, dig shafts and tunnels, four strong arms, antennae 3
a: Dig, Shaft Self


You were on level 3 of the Dungeon.
You were not hungry.

You visited 1 branch of the dungeon, and saw 3 of its levels.
You also visited: Sewer.

You collected 255 gold pieces.

Inventory:

Hand Weapons
 a - a +0 long sword (weapon)
Armour
 b - a +0 scale mail (worn)
 c - a +0 shield (worn)
 j - a +0 pair of boots (worn)
Jewellery
 p - an uncursed ring of protection from fire {unknown}
Wands
 n - a wand of flame (17)
Scrolls
 d - a scroll of remove curse {unknown}
 g - a scroll of noise {unknown}
 h - a scroll of teleportation {unknown}
 i - 2 scrolls of magic mapping {unknown}
 k - 2 scrolls of identify {unknown}
 o - a scroll of enchant weapon {unknown}
 q - 4 scrolls of enchant armour {unknown}
Potions
 e - 3 potions of curing {unknown}
 l - a potion of flight {unknown}
 m - a potion of brilliance {unknown}
 r - a potion of berserk rage {unknown}
 s - a potion of agility {unknown}
Comestibles
 f - 10 rations
 t - 3 chunks of flesh


   Skills:
 + Level 4.3 Fighting
 + Level 4.5 Long Blades
 + Level 4.1 Armour
 * Level 2.1 Dodging
 + Level 5.1 Shields


You had 6 spell levels left.
You didn't know any spells.

Dungeon Overview and Level Annotations

Branches:
Dungeon (3/15)

Altars:
Ru
Yredelemnul


Innate Abilities, Weirdness & Mutations

You cannot be hasted, slowed, berserked, paralysed or teleported.
You can dig through walls and to a lower floor.
Your four strong arms can wield two-handed weapons with a shield.
You have a pair of large antennae on your head. (SInv)


Message History

The orc priest closely misses you.
Your shield prevents you from hitting the orc priest.
The orc priest is heavily wounded.
The orc priest hits you but does no damage.
You closely miss the orc priest.
The orc priest is heavily wounded.
The orc priest hits you but does no damage.
You hit the orc priest.
The orc priest is almost dead.
The orc priest hits you with a mace.
Your shield and scale mail prevent you from hitting the orc priest.
The orc priest is almost dead.
The orc priest invokes the aid of Beogh against you.
Beogh smites you!
* * * LOW HITPOINT WARNING * * *
You barely miss the orc priest.
The orc priest is almost dead.
The orc priest calls down the wrath of Beogh upon you.
Beogh smites you!
You die...

.. .# ... .# ... .#
#o### .# ...##.##
.####.#...######
..{..o..#....... #o#(..#
#@##.## ######)##.#
..........[#############
#######.....)..........#
################.. ###


You could see an orc priest and an orc.

Vanquished Creatures
  Purgy (Sewer)
  An orc priest (D:3)
  2 orc wizards (D:3)
  Natasha (thrice) (D:2)
  4 adders
  A river rat (D:3)
  An ooze (D:2)
  4 worms (D:3)
  A dart slug (D:1)
  7 leopard geckos
  5 orcs (D:3)
  A ball python (D:3)
  2 giant cockroaches
  3 goblins
  3 hobgoblins
  12 jackals
  4 kobolds
  A quokka (D:2)
  9 bats
  5 frilled lizards
  6 rats
76 creatures vanquished.

Notes
Turn   | Place    | Note
-------+----------+-------------------------------------------
     0 | D:1      | RudyRod the Formicid Fighter began the quest for the Orb.
     0 | D:1      | Reached XP level 1. HP: 18/18 MP: 1/1
    52 | D:1      | Reached XP level 2. HP: 20/24 MP: 2/2
   148 | D:1      | Reached skill level 4 in Shields
   378 | D:1      | Reached XP level 3. HP: 30/30 MP: 3/3
   977 | D:2      | Noticed Natasha
   992 | D:2      | Killed Natasha
   992 | D:2      | Reached XP level 4. HP: 22/37 MP: 4/4
  1275 | D:2      | Found a basalt altar of Yredelemnul.
  1278 | D:2      | Found a sacrificial altar of Ru.
  1506 | D:2      | Noticed Natasha
  1513 | D:2      | Killed Natasha
  1513 | D:2      | Reached skill level 1 in Dodging
  1618 | D:2      | Reached XP level 5. HP: 42/42 MP: 5/5
  1647 | D:2      | Noticed Natasha
  1657 | D:2      | Killed Natasha
  1933 | D:3      | Reached XP level 6. HP: 31/48 MP: 6/6
  2227 | D:3      | Found a glowing drain.
  2231 | Sewer    | Entered a sewer
  2354 | Sewer    | Noticed Purgy
  2364 | Sewer    | Killed Purgy
  2531 | D:3      | Reached skill level 5 in Shields
  2764 | D:3      | Reached XP level 7. HP: 48/54 MP: 7/7
  2801 | D:3      | Killed from afar by an orc priest

Skill      XL: |  1  2  3  4  5  6 |
---------------+-------------------+-----
Shields        | 4 5 |  5.1
Long Blades    | 3 4 |  4.5
Dodging        | 1 2 |  2.1
Fighting       | 4 |  4.3
Armour         | 4 |  4.1

Action                   |  1- 3 |  4- 6 |  7- 9 || total
-------------------------+-------+-------+-------++-------
Melee: Long sword        |    76 |   219 |    21 ||   316
  Use: Potion            |       |     1 |       ||     1
  Eat: Chunk             |       |     7 |       ||     7
Armor: Scale mail        |    30 |    82 |     5 ||   117
Dodge: Dodged            |    26 |    91 |     4 ||   121
Block: Shield            |    38 |   123 |     7 ||   168
       Rpst.: Long sword |    12 |    24 |       ||    36
